 Dungeon Crawl Stone Soup version 0.31-a0-1008-g5b978dac0e (webtiles) character file.

Game seed: 1749524170359438974

1356 YxngMxddx the Cleaver (level 8, -1/67 HPs)
             Began as a Minotaur Berserker on Nov 12, 2023.
             Was a Priest of Trog.
             Succumbed to an adder's poison
             ... on level 6 of the Dungeon.
             The game lasted 00:24:27 (5167 turns).

YxngMxddx the Cleaver (Minotaur Berserker)          Turns: 5167, Time: 00:24:28

Health: -1/67      AC:  5    Str: 24    XL:     8   Next: 37%
Magic:  7/7        EV: 11    Int:  4    God:    Trog [***...]
Gold:   355        SH:  5    Dex: 10    Spells: 7/7 levels left

rFire   . . .        s - +0 war axe
rCold   . . .        (no shield)
rNeg    . . .        u - +0 ring mail
rPois   .            (helmet restricted)
rElec   .            (no cloak)
rCorr   .            (no gloves)
SInv    .            (no boots)
Will    .....        t - amulet of reflection Stlth
                     (no ring)
HPRegen 0.31/turn    (no ring)
MPRegen 0.10/turn

%: reflection
@: lethally poisoned (-1 -> -5)
A: horns 2, retaliatory headbutt
a: Renounce Religion, Berserk, Trog's Hand


You were on level 6 of the Dungeon.
You worshipped Trog.
Trog was most pleased with you.
You visited 1 branch of the dungeon, and saw 6 of its levels.

You collected 355 gold pieces.

Inventory:

Hand Weapons
 a - a +0 hand axe
 f - a +0 sling
 s - a +0 war axe (weapon)
 C - a +4 rapier
Missiles
 g - 61 stones
Armour
 b - a +0 animal skin
 e - a +0 leather armour
 u - a +0 ring mail (worn)
 D - a +2 leather armour of cold resistance
Jewellery
 t - an amulet of reflection (around neck)
Talismans
 y - a dragon-blood talisman
Wands
 q - a wand of acid (7)
 x - a wand of digging (1)
Scrolls
 c - 3 scrolls of brand weapon {unknown}
 d - 4 scrolls of amnesia {unknown}
 h - a scroll of blinking {unknown}
 j - 4 scrolls of identify {unknown}
 m - a scroll of torment {unknown}
 n - 2 scrolls of teleportation {unknown}
 r - a scroll of enchant armour {unknown}
 w - a scroll of noise {unknown}
 B - a scroll of poison {unknown}
Potions
 i - a potion of might {unknown}
 k - a potion of attraction {unknown}
 l - 2 potions of haste {unknown}
 o - a potion of brilliance {unknown}
 p - a potion of degeneration {unknown}
 v - 2 potions of mutation {unknown}
 z - a potion of ambrosia {unknown}
 A - 2 potions of enlightenment {unknown}
 E - a potion of curing {unknown}


   Skills:
 + Level 4.7 Fighting
 + Level 11.9 Axes
 + Level 3.9 Armour
 - Level 2.2 Dodging


You had 7 spell levels left.
You didn't know any spells.
Your spell library was empty.

Dungeon Overview and Level Annotations

Branches:
Dungeon (6/15)             Temple (0/1) D:4

Altars:
Elyvilon
Fedhas
Kikubaaqudgha
Okawaru
Uskayaw
Yredelemnul


Innate Abilities, Weirdness & Mutations

You have a pair of horns on your head.
You reflexively headbutt those who attack you in melee.


Message History

An orc wizard comes into view. It is wielding a +0 dagger.
You block the adder's attack.
You closely miss the adder. The adder closely misses you.
You closely miss the adder. You headbutt the adder!
The adder is almost dead.
The orc wizard casts a spell at you.
You are confused.
The adder bites you but does no damage. The adder attacks as it pursues you!
The adder barely misses you.
You barely miss the adder.
The adder is almost dead.
The adder bites you but does no damage.
Found a stone staircase leading down.
The adder closely misses you. x2
You miss the adder.
The adder is almost dead.
The adder barely misses you.
There are monsters nearby!
The adder bites you but does no damage.
The orc wizard gestures at you while chanting.
The magic dart hits you!
* * * LOW HITPOINT WARNING * * *
An orc wizard comes into view.
It is wielding a +2 dagger of protection.
You feel less confused.
The orc wizard shouts!
The adder closely misses you.
An orc comes into view.
It is wielding a +2 dagger of protection.
The orc wizard hits you but does no damage.
The orc shouts!
The adder barely misses you. You block the orc wizard's attack.
The adder bites you but does no damage. The adder bites you.
* * * LOW HITPOINT WARNING * * *
You are lethally poisoned!
The adder poisons you!
The orc wizard attacks as it pursues you!
The orc wizard barely misses you.
You miss the adder.
The adder is almost dead.
You hit the orc wizard.
You die...

= ## .## ###. .# ..
.#### ..# #.... ..> #.#.
...##.##S..#. ..###..#
#..#........ ...#.###
#.......# #.#...# #....#
##..##.####.†..#####
#.##...S@..............
.........o..†......#####
##...###.#.)†).....#
#.## #...)<)P.P.....# ..
#....#.##)._......# .
#.###.o.#.P.P.....# ..
#.[.#..........# #.
#.#............# #
#.#.#.##.#####.#


You could see an orc wizard, an adder and an orc.

Vanquished Creatures
  Eustachio (D:5)
  2 black bears (D:5)
  2 ogres (D:5)
  A centaur (D:6)
  A phantom (D:4)
  A kobold brigand (D:6)
  2 bullfrogs
  2 scorpions
  A howler monkey (D:6)
  A jelly (D:6)
  2 orc priests
  4 hounds
  A sleepcap (D:5)
  5 adders
  A white imp (D:6)
  3 worms (D:2)
  2 dart slugs (D:1)
  9 orcs
  2 endoplasms (D:2)
  5 giant cockroaches
  7 goblins
  5 hobgoblins
  2 jackals (D:4)
  9 kobolds
  3 quokkas
  8 ball pythons
  5 bats
  4 frilled lizards
  6 rats
97 creatures vanquished.

Notes
Turn   | Place    | Note
-------+----------+-------------------------------------------
     0 | D:1      | YxngMxddx the Minotaur Berserker began the quest for the
                  | Orb.
     0 | D:1      | Reached XP level 1. HP: 19/19 MP: 0/0
    56 | D:1      | Reached skill level 4 in Axes
    59 | D:1      | Reached XP level 2. HP: 23/27 MP: 1/1
   672 | D:2      | Reached skill level 5 in Axes
   674 | D:2      | Reached XP level 3. HP: 33/33 MP: 2/2
  1266 | D:2      | Reached ** piety under Trog
  1688 | D:3      | Found a white marble altar of Elyvilon.
  1794 | D:3      | Reached skill level 6 in Axes
  1794 | D:3      | Reached XP level 4. HP: 40/40 MP: 3/3
  1891 | D:3      | Found a blossoming altar of Fedhas.
  2231 | D:3      | Noticed a bullfrog
  2235 | D:3      | Killed a bullfrog
  2236 | D:3      | Reached skill level 7 in Axes
  2236 | D:3      | Reached XP level 5. HP: 36/46 MP: 4/4
  2382 | D:3      | Found an iron altar of Okawaru.
  2580 | D:3      | Found an ancient bone altar of Kikubaaqudgha.
  3218 | D:4      | Noticed a phantom
  3225 | D:4      | Killed a phantom
  3226 | D:4      | Reached skill level 8 in Axes
  3226 | D:4      | Reached XP level 6. HP: 47/52 MP: 5/5
  3372 | D:4      | Found a staircase to the Ecumenical Temple.
  3599 | D:5      | Entered Level 5 of the Dungeon
  3608 | D:5      | Reached skill level 9 in Axes
  3878 | D:5      | Noticed Eustachio
  3889 | D:5      | Killed Eustachio
  3890 | D:5      | Reached skill level 10 in Axes
  3890 | D:5      | Reached XP level 7. HP: 58/58 MP: 6/6
  4097 | D:5      | Found a hide-covered altar of Uskayaw.
  4448 | D:5      | Reached skill level 11 in Axes
  4476 | D:5      | Reached XP level 8. HP: 47/66 MP: 7/7
  4919 | D:6      | Found a basalt altar of Yredelemnul.
  5123 | D:6      | Reached *** piety under Trog
  5133 | D:6      | HP: 3/67 [centaur (1)]
  5135 | D:6      | HP: 1/67 [white imp/puff of frost (3)]
  5163 | D:6      | HP: 2/67 [orc wizard/magic dart (7)]
  5167 | D:6      | Succumbed to an adder's poison

Illustrated notes

Levels and vault maps discovered:
D:1:      psy_arrival_spokes, layout_loops_cross
D:2:      minmay_recursive_quarters, layout_loops_ring, minmay_misc_feat_square,
          st_stairs_12, kennysheep_generic_room_10
D:3:      layout_loops_ring, amcnicky_altar_gilded,
          lemuel_coloured_pillars_altar, mainiacjoe_overflow_24_doors,
          nicolae_elyvilon_peaceful_grove
D:4:      layout_basic, minmay_temple_entry_proselytizer
D:5:      layout_basic, mainiacjoe_overflow_surrounded_room, nicolae_the_louvre,
          uniq_eustachio
D:6:      layout_rooms, yredelemnul_altar_generic,
          nicolae_shop_sticking_my_neck_out, uniq_crazy_yiuf_cottage

Skill      XL: |  1  2  3  4  5  6  7  8 |
---------------+-------------------------+-----
Axes           | 4 5 6 7 8 10 11 | 11.9
Fighting       | 4 |  4.7
Armour         | 3 |  3.9
Dodging        | |  2.2

Action                     |  1- 3 |  4- 6 |  7- 9 || total
---------------------------+-------+-------+-------++-------
  Melee: Hand axe          |    89 |     2 |       ||    91
         Headbutt          |    16 |    17 |    14 ||    47
         Punch             |     1 |     1 |       ||     2
         War axe           |       |    72 |    49 ||   121
 Invoke: Berserk           |     1 |     1 |     2 ||     4
 Armour: Animal skin       |     2 |       |       ||     2
         Leather armour    |    48 |     2 |       ||    50
         Ring mail         |       |    52 |    44 ||    96
  Dodge: Dodged            |    54 |    42 |    45 ||   141
  Block: Other             |       |    16 |    17 ||    33
         Reflection        |       |     1 |     1 ||     2

Table legend: (Time is in decaauts)
 A = Elapsed time spent in this place.
 B = Non-inter-level travel time spent in this place.
 C = Inter-level travel time spent in this place.
 D = Time resting spent in this place.
 E = Time spent auto-exploring this place.
 F = Levels seen in this place.
 G = Mean time per level.
                   A        B        C        D        E       F      G
               +--------+--------+--------+--------+--------+-----+--------+
         Total |   5219 |   5128 |     91 |    875 |    729 |   6 |  869.8 |
       Dungeon |   5219 |   5128 |     91 |    875 |    729 |   6 |  869.8 |
               +--------+--------+--------+--------+--------+-----+--------+

Top non-repeatable levels by time:
     D:5: 1479 daAuts
     D:3: 1129 daAuts
     D:2: 953 daAuts
     D:4: 913 daAuts
     D:1: 628 daAuts
     D:6: 116 daAuts
